Map: Forteresse de fer EC

Players

GeunSungMI

  • Race: Protoss Protoss

AgCl - Winner!

  • Race: Protoss Protoss

VOD

Have the link to the VOD?

Description

Time

  • Played on: May 15, 2015, 3:30 a.m.
  • Length: 6:19
Show
View Real Time Build Order
Export as new Build Order

GeunSungMI Protoss 

Build Orders: Nexus First 

Get SALT Encoding   

  12  0:01  Probe  
  13  0:15  Pylon  
  13  0:19  Probe  
  14  0:33  Probe (Chrono Boost)  
  16  0:43  Probe (Chrono Boost)  
  16  0:59  Nexus  
  16  1:01  Probe  
  17  1:13  Gateway  
  17  1:15  Probe (Chrono Boost)  
  19  1:26  Probe (Chrono Boost)  
  19  1:30  Assimilator  
  19  1:32  Assimilator  
  19  1:36  Probe  
  20  1:42  Pylon  
  20  1:48  Probe  
  21  2:01  Probe  
  22  2:05  Cybernetics Core  
  22  2:13  Probe (Chrono Boost)  
  23  2:17  Probe (Chrono Boost)  
  24  2:25  Probe (Chrono Boost)  
  24  2:27  Probe (Chrono Boost)  
  26  2:31  Probe (Chrono Boost)  
  26  2:35  Probe  
  28  2:42  Adept (Chrono Boost)  
  28  2:43  Probe (Chrono Boost)  
  31  2:47  Mothership Core (Chrono Boost), Pylon  
  34  3:00  Probe (Chrono Boost)  
  34  3:03  Probe (Chrono Boost)  
  35  3:09  Probe  
  35  3:11  Robotics Facility  
  36  3:13  Probe  
  37  3:21  Probe  
  37  3:25  Probe  
  37  3:27  Pylon  
  39  3:36  Stalker (Chrono Boost)  
  39  3:38  Warp Gate (Chrono Boost)  
  39  3:39  Probe (Chrono Boost)  
  39  3:40  Probe (Chrono Boost)  
  43  3:42  Assimilator  
  43  3:47  Assimilator  
  43  3:48  Pylon  
  42  3:51  Probe (Chrono Boost)  
  42  3:52  Probe (Chrono Boost)  
  44  3:59  Stalker (Chrono Boost)  
  44  4:00  Probe x2 (Chrono Boost)  
  42  4:32  Immortal (Chrono Boost)  
  44  4:42  Probe x2  
  46  4:55  Gateway  
  46  4:56  Forge  
  46  5:00  Pylon  
  46  5:04  Warp Prism (Chrono Boost)  
  48  5:10  Pylon  
  48  5:18  Probe x2  
  48  5:19  Pylon  
  46  5:29  Pylon  
  46  5:30  Probe x2  
  46  5:32  Immortal (Chrono Boost)  
  50  5:35  Stalker  
  51  5:42  Probe  
  45  5:53  Stalker  
  46  6:03  Zealot  
Show
View Real Time Build Order
Export as new Build Order

AgCl Protoss - Winner!

Build Orders: Oracle Opening, Oracle Opening 

Get SALT Encoding   

  12  0:03  Probe  
  13  0:20  Probe  
  14  0:24  Pylon  
  14  0:27  Assimilator  
  14  0:42  Probe (Chrono Boost)  
  15  0:49  Gateway  
  15  0:55  Probe (Chrono Boost)  
  16  1:00  Pylon  
  16  1:02  Probe (Chrono Boost)  
  17  1:12  Probe (Chrono Boost)  
  18  1:24  Probe (Chrono Boost)  
  20  1:33  Probe (Chrono Boost)  
  20  1:41  Cybernetics Core, Probe  
  20  1:42  Zealot (Chrono Boost)  
  23  1:53  Probe  
  24  2:02  Assimilator  
  24  2:06  Probe  
  25  2:10  Pylon  
  25  2:18  Probe  
  25  2:21  Stargate, Warp Gate (Chrono Boost)  
  26  2:30  Probe  
  27  2:42  Probe (Chrono Boost)  
  28  2:44  Pylon  
  28  2:54  Mothership Core (Chrono Boost)  
  30  3:00  Pylon  
  30  3:03  Gateway  
  30  3:06  Gateway  
  30  3:09  Oracle (Chrono Boost)  
  31  3:29  Gateway  
  30  3:39  Stalker (Chrono Boost)  
  32  3:45  Nexus  
  32  4:09  Stalker (Chrono Boost)  
  34  4:16  Adept  
  35  4:17  Adept  
  32  4:46  Stalker  
  32  4:47  Stalker, Zealot  
  38  4:58  Probe (Chrono Boost), Oracle (Chrono Boost)  
  38  4:59  Twilight Council  
  42  5:04  Pylon  
  42  5:06  Probe (Chrono Boost)  
  44  5:07  Probe (Chrono Boost)  
  44  5:15  Probe  
  44  5:17  Probe  
  44  5:27  Probe  
  45  5:29  Probe  
  46  5:39  Probe  
  47  5:45  Zealot x2  
  47  5:46  Stalker x2  
  47  5:48  Probe  
  56  5:51  Probe  
Tags
 
Add a new tag
Caveats
  • Supply blocks, unpowered buildings, or Contaminate may cause inaccurate times.
  • Supply counts are checked every 10 seconds.